AoeStats
← b站江条

Arena

509564659Analyzed
1v1 RM · 4d ago on Sep 27, 2026· 35m 16s· 2 players
Game mode
Random Map
Map size
Tiny (2 player)
Population
200
Speed
Normal
Resources
Standard
Victory
Conquest
Starting age
Dark Age
Ending age
Imperial Age
RankedLock teamsTeams togetherTeam positionsShared explorationLock speedFull tech treeHidden civsTurbo modeCheats
Victory
Defeat
🇨🇴 Khmer · Colombia
1352
+18
🇨🇳 Maya · China
1393
-18
maxwell54
10:33 Feudal Age
13:38 Castle Age
11:47 Double-Bit Axe
12:10 Horse Collar
12:56 Loom
13:55 Wheelbarrow
13:29 Town Watch
15:08 Bow Saw
20:45 Gold Mining
22:08 Gold Shaft Mining
26:47 Forging
29:10 Imperial Age
26:39 Light Cavalry
29:47 Iron Casting
29:18 Scale Barding Armor
30:28 Husbandry
30:39 Bloodlines
31:50 Blast Furnace
34:07 Masonry
34:27 Elite Battle Elephant
b站江条
0:25 Loom
10:15 Feudal Age
14:22 Castle Age
12:50 Double-Bit Axe
13:31 Horse Collar
23:12 Wheelbarrow
23:04 Bow Saw
23:14 Scale Mail Armor
23:14 Eagle Warrior
24:45 Chain Mail Armor
31:24 Imperial Age
30:28 Forging
31:04 Pikeman
32:23 Iron Casting
32:15 Squires
32:01 Elite Eagle Warrior
33:22 Conscription
35:40 Holcans
36:15 Blast Furnace
Connection lost

Rejoining the realm…

Still unreachable

The connection could not be restored.

Session expired

The server has moved on; the page needs a fresh start.